 Dungeon Crawl Stone Soup version 0.18-a0-1721-gc4d1f22 (webtiles) character file.

97 wvc the Insei (level 4, 0/54 HPs)
             Began as a Demonspawn Monk on Apr 9, 2016.
             Slain by Grinder (2 damage)
             ... on level 2 of the Dungeon.
             The game lasted 00:04:52 (2261 turns).

wvc the Insei (Demonspawn Monk)                     Turns: 2261, Time: 00:04:52

Health: 0/54       AC: 22    Str: 11    XL:     4   Next: 42%
Magic:  4/4        EV:  2    Int: 12    God:
Gold:   126        SH:  0    Dex: 16    Spells: 0 memorised, 3 levels left

rFire  . . .     SeeInvis .       - Unarmed
rCold  . . .     Gourm    .     (armour currently unavailable)
rNeg   + + +     Faith    .     (no shield)
rPois  +         Spirit   .     (helmet currently unavailable)
rElec  .         Dismiss  .     (cloak currently unavailable)
rCorr  .         Reflect  .     (gloves currently unavailable)
SustAt .         Harm     .     (boots currently unavailable)
MR     .....     NoTele   +     (no amulet)
Stlth  ++........               (no ring)
                                (no ring)

@: tree-form, not resistant to hostile enchantments, unstealthy
A: rugged brown scales 2
a: no special abilities


You were on level 2 of the Dungeon.
You were not hungry.
You were a tree.
You visited 1 branch of the dungeon, and saw 3 of its levels.

You collected 126 gold pieces.

Inventory:

Hand Weapons
 h - a +0 whip
Missiles
 j - 3 poisoned javelins (quivered)
Armour
 m - a +0 leather armour (melded)
 q - a +0 pair of gloves (melded)
 t - a +0 helmet (melded)
Jewellery
 n - an uncursed ring of ice
Wands
 s - a wand of random effects (35/48)
Scrolls
 u - 2 scrolls of fear
Potions
 k - a potion of brilliance {unknown}
 l - a potion of lignification
 o - a potion of berserk rage {unknown}
 p - a potion of cure mutation
Comestibles
 a - a chunk of flesh
 b - 2 bread rations


   Skills:
 - Level 3.0 Fighting
 * Level 3.3 Maces & Flails
 + Level 1.1 Armour
 - Level 2.8 Dodging
 - Level 1.7 Stealth
 - Level 3.6 Unarmed Combat


You had 3 spell levels left.
You didn't know any spells.

Dungeon Overview and Level Annotations

Branches:
Dungeon (3/15)

Altars:
Xom

Annotations:
D:2 Grinder
D:3 Sigmund


Innate Abilities, Weirdness & Mutations

(You are mostly covered in rugged brown scales (AC +2, +5% HP).)


Message History

You hit Grinder.
Grinder is moderately wounded.
Grinder barely misses you.
The giant gecko bites you but does no damage.
You smack Grinder!
Grinder is severely wounded.
The giant gecko bites you but does no damage.
Grinder hits you.
* * * LOW HITPOINT WARNING * * *
The orc hits you but does no damage.
You hit Grinder.
Grinder is severely wounded.
The giant gecko bites you but does no damage.
Grinder gestures.
Grinder blinks!
The orc hits you with a flail.
* * * LOW HITPOINT WARNING * * *
You barely miss Grinder.
Grinder is severely wounded.
The giant gecko completely misses you. Grinder hits you.
You die...

######
#....#########
#####....##.......
#.........#.......
#.#######.#.......
#.# #.#.......
#5#######.#.......
#♣ol....[.........
#l#######.####..).
#............+....
######.#######....
#.# #.... #.#
##.## #.######
#.## #......# #..#
######.# ##.#


You could see Grinder, an orc and 2 giant geckos.

Vanquished Creatures
  Robin (D:1)
  3 adders (D:2)
  A worm (D:2)
  2 dart slugs (D:1)
  A giant gecko (D:2)
  2 ball pythons
  5 giant cockroaches
  13 goblins
  6 hobgoblins
  2 bats
  A giant newt (D:2)
  5 kobolds
  5 rats
47 creatures vanquished.

Notes
Turn   | Place    | Note
--------------------------------------------------------------
     0 | D:1      | wvc the Demonspawn Monk began the quest for the Orb.
     0 | D:1      | Reached XP level 1. HP: 18/18 MP: 1/1
    49 | D:1      | Found a shimmering altar of Xom.
   268 | D:1      | Reached skill level 1 in Maces & Flails
   325 | D:1      | Gained mutation: You are partially covered in rugged brown scales (AC +1, +3% HP). [demonic ancestry]
   325 | D:1      | Reached XP level 2. HP: 12/24 MP: 2/2
  1000 | D:2      | Gained mutation: You are mostly covered in rugged brown scales (AC +2, +5% HP). [demonic ancestry]
  1000 | D:2      | Reached XP level 3. HP: 21/30 MP: 3/3
  1918 | D:2      | Noticed Robin
  1934 | D:1      | Reached XP level 4. HP: 33/36 MP: 4/4
  1967 | D:1      | Killed Robin
  1967 | D:1      | Reached skill level 1 in Armour
  2167 | D:3      | Noticed Grinder
  2234 | D:3      | Noticed Sigmund
  2248 | D:2      | HP: 1/36 [orc/flail (8)]
  2259 | D:2      | HP: 2/54 [Grinder (5)]
  2261 | D:2      | Slain by Grinder

Vault maps used:
D:1:      sevenhm_arrival_forest_fort_small_3, minivault_19, xom_teletrap_fun
D:2:      uniq_robin
D:3:      old_standard_altar, portal_sewer_entry_f, uniq_sigmund, uniq_jessica,
          uniq_terence, uniq_grinder

Skill      XL: |  1  2  3  4 |
---------------+-------------+-----
Maces & Flails | 1 2 3 |  3.3
Armour         | 1 |  1.1
Fighting       | |  3.0
Dodging        | |  2.8
Stealth        | |  1.7
Unarmed Combat | |  3.6

Action                   |  1- 3 |  4- 6 || total
-------------------------+-------+-------++-------
Melee: Unarmed           |   156 |    58 ||   214
  Use: Potion            |     2 |     2 ||     4
       Scroll            |       |     7 ||     7
 Stab: Sleeping          |     4 |       ||     4
  Eat: Chunk             |     2 |       ||     2
       Bread ration      |     1 |       ||     1
